[ AOE2 MATCH · #513753023 ]
UnrankedShu vs Slavs
Player's team · LOSS
Rival team · WIN
[ REPLAY ANALYSIS · EXTRACTED FROM THE RECORDED GAME ]
Feudal
—
Castle
—
Imperial
—
| APM avg | 69.7 |
| APM peak | 125 |
| eAPM avg | 24.8 |
| Villagers / military | 36 / 6 |
Focus
⚔️ 33.5% · 🌾 66.5%
Militia ×6
Feudal
11:26
Castle
—
Imperial
—
| APM avg | 71.3 |
| APM peak | 114 |
| eAPM avg | 23.8 |
| Villagers / military | 32 / 2 |
Focus
⚔️ 44.0% · 🌾 56.0%
Militia ×2
Match map
Initial resources + every placement click. Lines = walls · curves = elevation contours. ◆ gold · ⬟ stone · ● berries · ✦ relic · ◌ wall gap
Your base· Open — unwalled flank
DS_La década ganada's base· Open — 8t gap
Smoothed initial terrain · ◌ = detected wall gap · hover for details
Inputs per minute
— CeCa_Sebanico010 - - DS_La década ganada
Build order — CeCa_Sebanico010
62 actions detected in the replay
| 0:01 | Queue | Villager (Male) |
| 0:01 | Queue | Villager (Male) |
| 0:02 | Build | House |
| 0:03 | Build | House |
| 0:04 | Queue | Villager (Male) |
| 0:06 | Queue | Villager (Male) |
| 0:06 | Queue | Villager (Male) |
| 1:30 | Queue | Villager (Male) |
| 1:50 | Build | Lumber Camp |
| 1:55 | Queue | Villager (Male) |
| 2:15 | Queue | Villager (Male) |
| 3:00 | Queue | Villager (Male) |
| 3:10 | Build | House |
| 3:14 | Queue | Villager (Male) |
| 3:14 | Queue | Villager (Male) |
| 3:43 | Queue | Villager (Male) |
| 4:36 | Queue | Villager (Male) |
| 4:36 | Queue | Villager (Male) |
| 4:36 | Queue | Villager (Male) |
| 4:45 | Queue | Villager (Male) |
| 5:07 | Build | Barracks |
| 5:32 | Queue | Villager (Male) |
| 5:33 | Queue | Villager (Male) |
| 6:08 | Build | House |
| 6:10 | Queue | Villager (Male) |
| 6:10 | Queue | Villager (Male) |
| 6:18 | Queue | Militia |
| 6:24 | Build | Mining Camp |
| 6:32 | Queue | Villager (Male) |
| 6:38 | Queue | Militia |
| 6:46 | Build | House |
| 7:06 | Queue | Villager (Male) |
| 7:06 | Queue | Villager (Male) |
| 7:06 | Queue | Villager (Male) |
| 7:13 | Build | Palisade Wall |
| 7:14 | Build | Palisade Wall |
| 7:25 | Build | House |
| 7:38 | Build | House |
| 7:45 | Queue | Villager (Male) |
| 7:46 | Queue | Villager (Male) |
| 7:58 | Build | Mill |
| 8:04 | Build | Palisade Wall |
| 8:09 | Queue | Villager (Male) |
| 8:23 | Queue | Militia |
| 8:31 | Queue | Villager (Male) |
| 8:53 | Research | Loom |
| 8:53 | Research | Loom |
| 10:20 | Build | Town Center |
| 10:24 | Build | Town Center |
| 10:36 | Build | Town Center |
| 11:17 | Queue | Villager (Male) |
| 11:34 | Queue | Villager (Male) |
| 11:38 | Queue | Villager (Male) |
| 12:12 | Queue | Villager (Male) |
| 12:15 | Queue | Villager (Male) |
| 12:16 | Queue | Villager (Male) |
| 12:16 | Queue | Villager (Male) |
| 12:30 | Queue | Militia |
| 12:30 | Queue | Militia |
| 12:30 | Queue | Militia |
| 13:45 | Queue | Villager (Male) |
| 14:12 | Build | Palisade Gate |
Build order — DS_La década ganada
70 actions detected in the replay
| 0:00 | Queue | Villager (Male) |
| 0:00 | Queue | Villager (Male) |
| 0:00 | Queue | Villager (Male) |
| 0:01 | Build | House |
| 0:02 | Build | House |
| 0:34 | Queue | Villager (Male) |
| 1:27 | Queue | Villager (Male) |
| 1:52 | Build | Lumber Camp |
| 1:56 | Queue | Villager (Male) |
| 2:09 | Queue | Villager (Male) |
| 2:28 | Queue | Villager (Male) |
| 2:59 | Queue | Villager (Male) |
| 3:00 | Queue | Villager (Male) |
| 3:17 | Queue | Villager (Male) |
| 3:38 | Queue | Villager (Male) |
| 4:00 | Build | House |
| 4:03 | Queue | Villager (Male) |
| 4:10 | Build | Palisade Gate |
| 4:22 | Queue | Villager (Male) |
| 4:54 | Queue | Villager (Male) |
| 4:55 | Queue | Villager (Male) |
| 5:19 | Build | Barracks |
| 5:20 | Build | Palisade Wall |
| 5:28 | Queue | Villager (Male) |
| 5:28 | Queue | Villager (Male) |
| 5:28 | Queue | Villager (Male) |
| 5:53 | Queue | Villager (Male) |
| 6:16 | Queue | Militia |
| 6:18 | Queue | Militia |
| 6:25 | Build | Palisade Wall |
| 6:32 | Queue | Villager (Male) |
| 6:45 | Build | House |
| 6:46 | Build | Palisade Wall |
| 7:03 | Queue | Villager (Male) |
| 7:12 | Queue | Villager (Male) |
| 7:31 | Build | Mill |
| 7:34 | Build | Palisade Wall |
| 7:44 | Research | Loom |
| 7:45 | Queue | Villager (Male) |
| 8:04 | Queue | Villager (Male) |
| 8:21 | Research | Loom |
| 8:23 | Queue | Villager (Male) |
| 8:37 | Research | Loom |
| 8:42 | Build | Farm |
| 8:44 | Build | Farm |
| 8:51 | Build | Palisade Wall |
| 9:17 | Research | Feudal Age |
| 9:31 | Build | Farm |
| 9:32 | Build | Farm |
| 10:01 | Build | Palisade Gate |
| 10:03 | Build | House |
| 10:05 | Build | House |
| 10:15 | Build | Palisade Gate |
| 10:19 | Build | Palisade Wall |
| 10:19 | Queue | Villager (Male) |
| 10:21 | Build | Palisade Wall |
| 10:26 | Build | Palisade Wall |
| 10:31 | Build | Palisade Wall |
| 10:31 | Queue | Villager (Male) |
| 10:57 | Build | Mining Camp |
| 11:13 | Build | Palisade Wall |
| 11:26 | Age | Feudal Age |
| 11:38 | Build | Blacksmith |
| 11:39 | Queue | Villager (Male) |
| 11:43 | Queue | Villager (Male) |
| 12:17 | Research | Double-Bit Axe |
| 12:46 | Queue | Villager (Male) |
| 13:14 | Build | House |
| 13:35 | Queue | Villager (Male) |
| 14:38 | Research | Fletching |
Match timeline
| 5:07 | CeCa_Sebanico010 · first_building Barracks |
| 5:19 | DS_La década ganada · first_building Barracks |
| 5:20 | DS_La década ganada · wall_segment Palisade Wall x1 |
| 6:25 | DS_La década ganada · wall_segment Palisade Wall x1 |
| 6:46 | DS_La década ganada · wall_segment Palisade Wall x6 |
| 7:13 | CeCa_Sebanico010 · wall_segment Palisade Wall x9 |
| 7:14 | CeCa_Sebanico010 · wall_segment Palisade Wall x5 |
| 7:34 | DS_La década ganada · wall_segment Palisade Wall x8 |
| 8:04 | CeCa_Sebanico010 · wall_segment Palisade Wall x1 |
| 8:51 | DS_La década ganada · wall_segment Palisade Wall x1 |
| 10:19 | DS_La década ganada · wall_segment Palisade Wall x1 |
| 10:21 | DS_La década ganada · wall_segment Palisade Wall x1 |
| 10:26 | DS_La década ganada · wall_segment Palisade Wall x1 |
| 10:31 | DS_La década ganada · wall_segment Palisade Wall x1 |
| 11:13 | DS_La década ganada · wall_segment Palisade Wall x1 |
| 11:26 | DS_La década ganada · age_up feudal |
| 15:39 | CeCa_Sebanico010 · resign |
[ AI ANALYSIS · 1 CREDIT ]
What really happened in this match?
Wolo.gg analyzes every decision: build order, eco, micro, common mistakes by bracket. Personalized analysis on WhatsApp or Discord in 30 seconds.
Civ guide
Shu
Perfil
Jugador #4401655